WCHLSIM.com - West Coast Hockey League
html PUBLIC "-//W3C//DTD XHTML 1.0 Transitional//EN" "http://www.w3.org/TR/xhtml1/DTD/xhtml1-transitional.dtd"> WCHL - Game 20 - PORTLAND PIRATES vs RENO LIONS

PORTLAND PIRATES vs RENO LIONS

Created - 15 novembre 2020 at 22:12

Goals
1 2 3 T
PORTLAND PIRATES 1 0 0 1
RENO LIONS 0 2 1 3
Shots
1 2 3 T
PORTLAND PIRATES 9 6 5 20
RENO LIONS 10 14 16 40

1st period

1. PORTLAND PIRATES , Jonathan Toews 1 (Travis Konecny 1, Thomas Chabot 1) at 7:01

Penalties :
Rasmus Ristolainen (POR) for Tripping (Minor) at 15:57

2nd period

2. RENO LIONS , Elias Pettersson 2 (Oscar Klefbom 2, Pierre-Luc Dubois 2) at 2:45
3. RENO LIONS , Blake Coleman 1 (Jordie Benn 1) at 16:01

Penalties :
Brett Pesce (POR) for Tripping (Minor) at 5:35, Jonathan Toews (POR) for Hooking (Minor) at 7:46, Ethan Bear (REN) for Holding (Minor) at 16:12

3rd period

4. RENO LIONS , Elias Pettersson 3 (Evgeny Dadonov 1, Jacob Trouba 1) at 15:59

Penalties :
Chris Driedger (POR) for Slashing (Minor) at 0:28 - Travis Hamonic served the penalty., Travis Hamonic (POR) for Tripping (Minor) at 2:47

Goalie Stats

Chris Driedger (POR), 37 saves from 40 shots - (0,925), L, 1-1-0, 60:00 minutes
Jaroslav Halak (REN), 19 saves from 20 shots - (0,950), W, 2-0-0, 60:00 minutes

Players Stats for PORTLAND PIRATES

Player Name              G  A  P  +/- PIM S  H  SB GA TA FO     MP     PP MP  PK MP  
------------------------------------------------------------------------------------
Adam Erne                0  0  0  -1  0   0  0  2  0  0  0/0     7:55   0:00   3:32 
Alec Martinez            0  0  0  -1  0   1  0  3  0  0  0/0    22:25   0:53   4:56 
Brett Connolly           0  0  0   0  0   1  0  0  0  0  0/0    14:25   0:53   0:00 
Brett Pesce              0  0  0  -1  2   0  0  0  0  0  0/0    19:27   0:00   3:53 
Brian Dumoulin           0  0  0   0  0   0  1  0  0  0  0/0    17:15   0:00   3:31 
Chandler Stephenson      0  0  0   0  0   0  1  0  0  0  2/4    16:25   0:00   2:53 
Gabriel Landeskog        0  0  0   0  0   1  1  0  0  0  1/1    15:53   1:06   0:00 
Jason Dickinson          0  0  0  -1  0   1  0  0  0  0  12/22  10:43   0:00   6:20 
Jonathan Toews           1  0  1   0  2   4  0  0  0  0  10/16  15:52   1:06   0:00 
Pavel Zacha              0  0  0  -1  0   4  1  0  0  0  8/16   16:17   0:53   0:00 
Rasmus Ristolainen       0  0  0  -1  2   1  1  2  0  0  0/0    18:51   1:06   0:00 
Rickard Rakell           0  0  0  -1  0   2  1  0  0  0  0/2    22:15   0:53   5:58 
Robert Thomas            0  0  0  -1  0   2  0  0  0  0  2/2    16:17   0:53   0:00 
Ryan Donato              0  0  0  -1  0   1  0  0  0  0  0/0     4:23   0:00   0:00 
Thomas Chabot            0  1  1   0  0   0  0  2  0  0  0/0    22:08   1:06   5:07 
Travis Hamonic           0  0  0  -1  2   1  1  3  0  0  0/0    18:58   0:00   2:23 
Travis Konecny           0  1  1   0  0   0  0  0  0  0  2/2    17:00   1:06   1:07 
Yanni Gourde             0  0  0   0  0   1  2  0  0  0  7/14   13:32   0:00   0:00 

Players Stats for RENO LIONS

Player Name              G  A  P  +/- PIM S  H  SB GA TA FO     MP     PP MP  PK MP  
------------------------------------------------------------------------------------
Anders Lee               0  0  0  -1  0   7  0  0  0  0  0/0    21:47   4:38   1:24 
Blake Coleman            1  0  1   1  0   3  1  1  0  0  0/3    12:23   0:00   1:24 
Cam Atkinson             0  0  0  -1  0   3  1  0  0  0  1/2    20:23   4:38   0:00 
Elias Pettersson         2  0  2   2  0   12 6  1  0  0  10/26  23:00   5:17   0:35 
Ethan Bear               0  0  0   1  2   0  0  0  0  0  0/0    14:11   0:00   0:00 
Evgeny Dadonov           0  1  1   2  0   2  0  0  0  0  0/1    22:25   5:17   0:00 
Jacob Trouba             0  1  1   1  0   0  0  1  0  0  0/0    23:33   4:31   0:43 
Jayce Hawryluk           0  0  0   0  0   1  1  0  0  0  0/0     4:14   0:00   0:00 
Jordie Benn              0  1  1   1  0   0  1  2  0  0  0/0    14:47   0:00   0:35 
Leo Komarov              0  0  0   1  0   1  1  0  0  0  5/11   11:34   0:00   0:35 
Maxime Comtois           0  0  0   0  0   0  0  0  0  0  0/0     4:14   0:00   0:00 
Oliver Ekman-Larsson     0  0  0   0  0   0  3  0  0  0  0/0    20:47   4:31   0:41 
Oscar Klefbom            0  1  1   1  0   2  0  1  0  0  0/0    24:26   5:24   0:43 
Pierre-Luc Dubois        0  1  1   2  0   3  4  0  0  0  0/0    22:25   5:17   0:00 
Ryan Pulock              0  0  0   0  0   2  0  1  0  0  0/0    22:15   5:24   1:16 
Tomas Nosek              0  0  0   0  0   0  0  0  0  0  4/6     4:14   0:00   0:00 
Vincent Hinostroza       0  0  0   1  0   0  0  0  0  0  0/0    10:59   0:00   0:00 
William Karlsson         0  0  0  -1  0   4  1  0  0  0  15/30  20:23   4:38   0:00 

3 Stars

1 - Elias Pettersson (REN)
2 - Pierre-Luc Dubois (REN)
3 - Blake Coleman (REN)

Power Play

PORTLAND PIRATES - 0 on 1 Attempt(s) - 0,00%
RENO LIONS - 0 on 5 Attempt(s) - 0,00%

Penalty Kill

PORTLAND PIRATES - 5 on 5 Attempt(s) - 100,00% - Score 0 goal in Penalty Kill
RENO LIONS - 1 on 1 Attempt(s) - 100,00% - Score 0 goal in Penalty Kill

Team Stat

PORTLAND PIRATES - Hits : 9 - Faceoff Wins : 44 - Blocked Shots : 12 - Penalty Minutes : 10
RENO LIONS - Hits : 19 - Faceoff Wins : 35 - Blocked Shots : 7 - Penalty Minutes : 2

Official

Referees : Justin Kea and TJ Luxmore
Linesman : Libor Suchanek and Brent Hooks

Game Notes

No Game Note

Finance

Level 1 -- Attendance: 4116 (58,80%) -- Ticket Income 699 720 $
Level 2 -- Attendance: 2969 (49,48%) -- Ticket Income 371 125 $
Level 3 -- Attendance: 1540 (51,33%) -- Ticket Income 123 200 $
Level 4 -- Attendance: 2773 (55,46%) -- Ticket Income 152 515 $
Luxury Box -- Attendance: 589 (58,90%) -- Ticket Income 223 820 $
Game was played at the Lions Kingdom.
Total Attendance: 11987 (54,49%)
Total Ticket Income: 1 570 380 $
Other Income: 549 633 $
Total Income: 2 120 013 $

PORTLAND PIRATES

5 vs 5 Forward 
   Center                   Left Wing                Right Wing               Time % Phy DF OF 
 1 Jonathan Toews           Gabriel Landeskog        Travis Konecny           33     0   1  4  
 2 Pavel Zacha              Rickard Rakell           Robert Thomas            32     0   2  3  
 3 Yanni Gourde             Chandler Stephenson      Brett Connolly           28     0   2  3  
 4 Jason Dickinson          Ryan Donato              Adam Erne                7      1   2  2  

5 vs 5 Defense 
   Defense                  Defense                                           Time % Phy DF OF 
 1 Brett Pesce              Rasmus Ristolainen                                33     0   4  1  
 2 Travis Hamonic           Alec Martinez                                     33     0   4  1  
 3 Thomas Chabot            Brian Dumoulin                                    28     0   4  1  
 4 Thomas Chabot            Rasmus Ristolainen                                6      0   3  2  

PowerPlay Forward 
   Center                   Left Wing                Right Wing               Time % Phy DF OF 
 1 Jonathan Toews           Gabriel Landeskog        Travis Konecny           60     0   1  4  
 2 Pavel Zacha              Rickard Rakell           Robert Thomas            40     0   1  4  

PowerPlay Defense
   Defense                  Defense                                           Time % Phy DF OF 
 1 Thomas Chabot            Rasmus Ristolainen                                60     0   1  4  
 2 Alec Martinez            Brett Connolly                                    40     0   1  4  

Penalty Kill 4 Players Forward 
   Center                   Wing                     Time % Phy DF OF 
 1 Jason Dickinson          Rickard Rakell           60     0   5  0  
 2 Chandler Stephenson      Adam Erne                40     0   5  0  

Penalty Kill 4 Players Defense
   Defense                  Defense                  Time % Phy DF OF 
 1 Brett Pesce              Travis Hamonic           60     0   5  0  
 2 Alec Martinez            Thomas Chabot            40     0   5  0  

Penalty Kill - 3 Players Forward 
   Forward                                           Time % Phy DF OF 
 1 Jason Dickinson                                   60     0   5  0  
 2 Chandler Stephenson                               40     0   5  0  

Penalty Kill - 3 Players Defense
   Defense                  Defense                  Time % Phy DF OF 
 1 Brett Pesce              Travis Hamonic           60     0   5  0  
 2 Rasmus Ristolainen       Thomas Chabot            40     0   5  0  

4 vs 4 Forward 
   Center                   Wing                     Time % Phy DF OF 
 1 Jonathan Toews           Gabriel Landeskog        60     0   2  3  
 2 Pavel Zacha              Travis Konecny           40     0   2  3  

4 vs 4 Defense
   Defense                  Defense                  Time % Phy DF OF 
 1 Thomas Chabot            Rasmus Ristolainen       60     0   2  3  
 2 Alec Martinez            Brett Pesce              40     0   3  2  

Last Minutes Offensive
   Center                   Left Wing                Right Wing               Defense                  Defense                  
   Jonathan Toews           Gabriel Landeskog        Travis Konecny           Thomas Chabot            Rasmus Ristolainen       

Last Minutes Defensive
   Center                   Left Wing                Right Wing               Defense                  Defense                  
   Jonathan Toews           Jason Dickinson          Rickard Rakell           Brett Pesce              Travis Hamonic           

Goaltenders
Starting : Chris Driedger           
Backup : Ben Bishop               

Extra Forwards
Normal : Brett Connolly, Ryan Donato, Adam Erne - PP : Brett Connolly, Yanni Gourde - PK : Travis Konecny
Extra Defensemen
Normal : Thomas Chabot, Alec Martinez, Brian Dumoulin - PP : Brian Dumoulin - PK : Brian Dumoulin, Thomas Chabot
Penalty Shots
Jonathan Toews, Travis Konecny, Gabriel Landeskog, Rickard Rakell, Robert Thomas
Custom OT Lines Forwards
Jonathan Toews, Gabriel Landeskog, Travis Konecny, Rickard Rakell, Pavel Zacha, Yanni Gourde, Brett Connolly, Chandler Stephenson, Robert Thomas, Ryan Donato
Custom OT Lines Defensemen
Thomas Chabot, Rasmus Ristolainen, Brett Pesce, Alec Martinez, Travis Hamonic

Scratches
None

RENO LIONS

5 vs 5 Forward 
   Center                   Left Wing                Right Wing               Time % Phy DF OF 
 1 Elias Pettersson         Pierre-Luc Dubois        Evgeny Dadonov           36     0   2  3  
 2 William Karlsson         Anders Lee               Cam Atkinson             31     0   2  3  
 3 Leo Komarov              Vincent Hinostroza       Blake Coleman            23     1   2  2  
 4 Tomas Nosek              Maxime Comtois           Jayce Hawryluk           10     1   2  2  

5 vs 5 Defense 
   Defense                  Defense                                           Time % Phy DF OF 
 1 Oscar Klefbom            Jacob Trouba                                      36     1   2  2  
 2 Oliver Ekman-Larsson     Ryan Pulock                                       31     1   2  2  
 3 Jordie Benn              Ethan Bear                                        23     1   2  2  
 4 Oscar Klefbom            Jacob Trouba                                      10     1   2  2  

PowerPlay Forward 
   Center                   Left Wing                Right Wing               Time % Phy DF OF 
 1 Elias Pettersson         Pierre-Luc Dubois        Evgeny Dadonov           55     1   0  4  
 2 William Karlsson         Anders Lee               Cam Atkinson             45     1   0  4  

PowerPlay Defense
   Defense                  Defense                                           Time % Phy DF OF 
 1 Oscar Klefbom            Ryan Pulock                                       55     0   1  4  
 2 Oliver Ekman-Larsson     Jacob Trouba                                      45     0   1  4  

Penalty Kill 4 Players Forward 
   Center                   Wing                     Time % Phy DF OF 
 1 Blake Coleman            Anders Lee               55     1   3  1  
 2 Elias Pettersson         Leo Komarov              45     1   3  1  

Penalty Kill 4 Players Defense
   Defense                  Defense                  Time % Phy DF OF 
 1 Ethan Bear               Ryan Pulock              55     1   3  1  
 2 Jacob Trouba             Oscar Klefbom            45     1   3  1  

Penalty Kill - 3 Players Forward 
   Forward                                           Time % Phy DF OF 
 1 Leo Komarov                                       55     0   5  0  
 2 Blake Coleman                                     45     0   5  0  

Penalty Kill - 3 Players Defense
   Defense                  Defense                  Time % Phy DF OF 
 1 Oscar Klefbom            Jacob Trouba             55     0   5  0  
 2 Ethan Bear               Ryan Pulock              45     0   5  0  

4 vs 4 Forward 
   Center                   Wing                     Time % Phy DF OF 
 1 Vincent Hinostroza       Tomas Nosek              55     1   2  2  
 2 Jayce Hawryluk           Maxime Comtois           45     1   2  2  

4 vs 4 Defense
   Defense                  Defense                  Time % Phy DF OF 
 1 Jordie Benn              Oliver Ekman-Larsson     55     1   2  2  
 2 Ethan Bear               Ryan Pulock              45     1   2  2  

Last Minutes Offensive
   Center                   Left Wing                Right Wing               Defense                  Defense                  
   Elias Pettersson         Pierre-Luc Dubois        Evgeny Dadonov           Oscar Klefbom            Ryan Pulock              

Last Minutes Defensive
   Center                   Left Wing                Right Wing               Defense                  Defense                  
   Elias Pettersson         Anders Lee               Blake Coleman            Oscar Klefbom            Jacob Trouba             

Goaltenders
Starting : Jaroslav Halak           
Backup : Thomas Greiss            

Extra Forwards
Normal : William Karlsson, Pierre-Luc Dubois, Evgeny Dadonov - PP : Cam Atkinson, Tomas Nosek - PK : Vincent Hinostroza
Extra Defensemen
Normal : Jordie Benn, Oliver Ekman-Larsson, Ethan Bear - PP : Jordie Benn - PK : Jordie Benn, Oliver Ekman-Larsson
Penalty Shots
Elias Pettersson, Pierre-Luc Dubois, Evgeny Dadonov, William Karlsson, Anders Lee
Custom OT Lines Forwards
Elias Pettersson, William Karlsson, Anders Lee, Pierre-Luc Dubois, Evgeny Dadonov, Blake Coleman, Cam Atkinson, Leo Komarov, Vincent Hinostroza, Tomas Nosek
Custom OT Lines Defensemen
Oscar Klefbom, Jacob Trouba, Oliver Ekman-Larsson, Ryan Pulock, Ethan Bear

Scratches
None


% Time on Ice - PORTLAND PIRATES

Lines # - Real PCT - Wanted PCT - Time Play
Normal Forward
1 - 31% - 33% - 14:47
2 - 32% - 32% - 15:24
3 - 28% - 28% - 13:32
4 - 9% - 7% - 4:23
Normal Defense
1 - 32% - 33% - 15:35
2 - 35% - 33% - 16:36
3 - 29% - 28% - 13:44
4 - 5% - 6% - 2:11
PP Forward
1 - 55% - 60% - 1:06
2 - 45% - 40% - 0:53
PP Defense
1 - 55% - 60% - 1:06
2 - 45% - 40% - 0:53
PK Forward
1 - 71% - 60% - 7:02
2 - 29% - 40% - 2:53
PK Defense
1 - 50% - 60% - 4:59
2 - 50% - 40% - 4:56
PK3 Forward
1 - 0% - 60%
2 - 0% - 40%
PK3 Defense
1 - 0% - 60%
2 - 0% - 40%
44 Forward
1 - 0% - 60%
2 - 0% - 40%
44 Defense
1 - 0% - 60%
2 - 0% - 40%
Last Minute Offensive  - 0:00
Last Minute Defensive  - 0:00
Total
Forward - 60:00
Defense - 60:00

% Time on Ice - RENO LIONS

Lines # - Real PCT - Wanted PCT - Time Play
Normal Forward
1 - 36% - 36% - 17:08
2 - 33% - 31% - 15:45
3 - 23% - 23% - 10:59
4 - 9% - 10% - 4:14
Normal Defense
1 - 33% - 36% - 15:42
2 - 32% - 31% - 15:35
3 - 30% - 23% - 14:12
4 - 5% - 10% - 2:37
PP Forward
1 - 53% - 55% - 5:17
2 - 47% - 45% - 4:38
PP Defense
1 - 54% - 55% - 5:24
2 - 46% - 45% - 4:31
PK Forward
1 - 71% - 55% - 1:24
2 - 29% - 45% - 0:35
PK Defense
1 - 64% - 55% - 1:16
2 - 36% - 45% - 0:43
PK3 Forward
1 - 0% - 55%
2 - 0% - 45%
PK3 Defense
1 - 0% - 55%
2 - 0% - 45%
44 Forward
1 - 0% - 55%
2 - 0% - 45%
44 Defense
1 - 0% - 55%
2 - 0% - 45%
Last Minute Offensive  - 0:00
Last Minute Defensive  - 0:00
Total
Forward - 60:00
Defense - 60:00

Play-by-Play

1st period


0:01 of 1st period - Gabriel Landeskog wins face-off versus Elias Pettersson in neutral zone.
0:30 of 1st period - Shot by Travis Konecny.
0:30 of 1st period - Shot Misses the Net.
0:38 of 1st period - Shot by Gabriel Landeskog.
0:38 of 1st period - Shot Misses the Net.
0:40 of 1st period - Shot by Jonathan Toews.
0:40 of 1st period - Stopped by Jaroslav Halak without a rebound.
0:41 of 1st period - William Karlsson wins face-off versus Rickard Rakell in RENO LIONS zone.
0:50 of 1st period - Alec Martinez is hit by Cam Atkinson and loses puck.
1:47 of 1st period - Shot by Leo Komarov.
1:47 of 1st period - Shot Misses the Net.
1:57 of 1st period - Shot by Leo Komarov.
1:57 of 1st period - Stopped by Chris Driedger without a rebound.
1:58 of 1st period - Tomas Nosek wins face-off versus Yanni Gourde in PORTLAND PIRATES zone.
1:58 of 1st period - Oscar Klefbom is hit by Brian Dumoulin and loses puck.
2:21 of 1st period - Shot by Brett Connolly.
2:21 of 1st period - Stopped by Jaroslav Halak without a rebound.
2:22 of 1st period - Jason Dickinson wins face-off versus Elias Pettersson in RENO LIONS zone.
2:22 of 1st period - Jason Dickinson is hit by Jordie Benn.
2:48 of 1st period - Shot by Jason Dickinson.
2:48 of 1st period - Stopped by Jaroslav Halak without a rebound.
2:49 of 1st period - Leo Komarov wins face-off versus Yanni Gourde in RENO LIONS zone.
3:51 of 1st period - Anders Lee is hit by Chandler Stephenson and loses puck.
4:49 of 1st period - Icing by Jonathan Toews.
4:50 of 1st period - Elias Pettersson wins face-off versus Jonathan Toews in PORTLAND PIRATES zone.
5:05 of 1st period - Shot by Elias Pettersson.
5:05 of 1st period - Deflect By Evgeny Dadonov.
5:05 of 1st period - Shot Misses the Net.
5:07 of 1st period - Shot by Elias Pettersson.
5:07 of 1st period - Deflect By Evgeny Dadonov.
5:07 of 1st period - Stopped by Chris Driedger without a rebound.
5:08 of 1st period - Tomas Nosek wins face-off versus Pavel Zacha in PORTLAND PIRATES zone.
5:17 of 1st period - Shot by Maxime Comtois.
5:17 of 1st period - Shot Blocked by Travis Hamonic.
5:19 of 1st period - Shot by Jacob Trouba.
5:19 of 1st period - Shot Misses the Net.
5:36 of 1st period - Icing by Travis Hamonic.
5:37 of 1st period - Pavel Zacha wins face-off versus Elias Pettersson in PORTLAND PIRATES zone.
5:52 of 1st period - Shot by Rickard Rakell.
5:52 of 1st period - Shot Misses the Net.
5:54 of 1st period - Shot by Travis Hamonic.
5:54 of 1st period - Stopped by Jaroslav Halak with a rebound.
6:04 of 1st period - Shot by Pavel Zacha.
6:04 of 1st period - Stopped by Jaroslav Halak with a rebound.
6:14 of 1st period - Shot by Gabriel Landeskog.
6:14 of 1st period - Shot Blocked by Jordie Benn.
6:16 of 1st period - Shot by Jonathan Toews.
6:16 of 1st period - Shot Blocked by Elias Pettersson.
6:43 of 1st period - Icing by Rasmus Ristolainen.
6:44 of 1st period - William Karlsson wins face-off versus Jonathan Toews in PORTLAND PIRATES zone.
6:59 of 1st period - Shot by Travis Konecny.
6:59 of 1st period - Deflect By Jonathan Toews.
6:59 of 1st period - Shot Blocked by Jacob Trouba.
7:01 of 1st period - Shot by Jonathan Toews.
7:01 of 1st period - Goal by Jonathan Toews - PORTLAND PIRATES : 1 - RENO LIONS : 0.
7:02 of 1st period - Yanni Gourde wins face-off versus Leo Komarov in neutral zone.
7:02 of 1st period - Brett Connolly is hit by Leo Komarov and loses puck.
7:23 of 1st period - Icing by Yanni Gourde.
7:24 of 1st period - Elias Pettersson wins face-off versus Yanni Gourde in PORTLAND PIRATES zone.
7:37 of 1st period - Shot by Elias Pettersson.
7:37 of 1st period - Stopped by Chris Driedger without a rebound.
7:38 of 1st period - William Karlsson wins face-off versus Pavel Zacha in PORTLAND PIRATES zone.
7:50 of 1st period - Icing by Brett Pesce.
7:51 of 1st period - Pavel Zacha wins face-off versus Elias Pettersson in PORTLAND PIRATES zone.
8:51 of 1st period - Shot by Gabriel Landeskog.
8:51 of 1st period - Stopped by Jaroslav Halak without a rebound.
8:52 of 1st period - William Karlsson wins face-off versus Jason Dickinson in RENO LIONS zone.
9:31 of 1st period - Shot by Cam Atkinson.
9:31 of 1st period - Shot Misses the Net.
9:33 of 1st period - Shot by Anders Lee.
9:33 of 1st period - Deflect By Cam Atkinson.
9:33 of 1st period - Shot Misses the Net.
9:35 of 1st period - Shot by Anders Lee.
9:35 of 1st period - Stopped by Chris Driedger with a rebound.
9:57 of 1st period - Shot by Vincent Hinostroza.
9:57 of 1st period - Shot Misses the Net.
10:41 of 1st period - Shot by Jonathan Toews.
10:41 of 1st period - Shot Blocked by Blake Coleman.
10:43 of 1st period - Shot by Jonathan Toews.
10:43 of 1st period - Stopped by Jaroslav Halak with a rebound.
11:00 of 1st period - Icing by Jordie Benn.
11:01 of 1st period - Yanni Gourde wins face-off versus Leo Komarov in RENO LIONS zone.
12:08 of 1st period - Icing by Elias Pettersson.
12:09 of 1st period - Travis Konecny wins face-off versus Elias Pettersson in RENO LIONS zone.
13:11 of 1st period - Icing by Oscar Klefbom.
13:12 of 1st period - Yanni Gourde wins face-off versus Elias Pettersson in RENO LIONS zone.
13:55 of 1st period - Shot by Anders Lee.
13:55 of 1st period - Stopped by Chris Driedger without a rebound.
13:56 of 1st period - Pavel Zacha wins face-off versus Tomas Nosek in PORTLAND PIRATES zone.
14:07 of 1st period - Shot by Pavel Zacha.
14:07 of 1st period - Stopped by Jaroslav Halak without a rebound.
14:08 of 1st period - William Karlsson wins face-off versus Jonathan Toews in RENO LIONS zone.
14:38 of 1st period - Shot by William Karlsson.
14:38 of 1st period - Shot Misses the Net.
14:40 of 1st period - Shot by Ryan Pulock.
14:40 of 1st period - Shot Misses the Net.
14:42 of 1st period - Shot by Anders Lee.
14:42 of 1st period - Shot Misses the Net.
14:44 of 1st period - Shot by Cam Atkinson.
14:44 of 1st period - Shot Misses the Net.
14:46 of 1st period - Shot by Anders Lee.
14:46 of 1st period - Stopped by Chris Driedger with a rebound.
14:48 of 1st period - Shot by Ryan Pulock.
14:48 of 1st period - Stopped by Chris Driedger with a rebound.
14:50 of 1st period - Shot by Cam Atkinson.
14:50 of 1st period - Stopped by Chris Driedger without a rebound.
14:51 of 1st period - Tomas Nosek wins face-off versus Pavel Zacha in PORTLAND PIRATES zone.
14:51 of 1st period - Jacob Trouba is hit by Rasmus Ristolainen.
15:49 of 1st period - Shot by Evgeny Dadonov.
15:49 of 1st period - Shot Misses the Net.
15:57 of 1st period - Minor Penalty to Rasmus Ristolainen for Tripping.
15:58 of 1st period - William Karlsson wins face-off versus Jason Dickinson in PORTLAND PIRATES zone.
15:59 of 1st period - Shot by Oscar Klefbom.
15:59 of 1st period - Stopped by Chris Driedger without a rebound.
16:00 of 1st period - Elias Pettersson wins face-off versus Jason Dickinson in PORTLAND PIRATES zone.
16:19 of 1st period - Shot by Elias Pettersson.
16:19 of 1st period - Shot Blocked by Alec Martinez.
16:31 of 1st period - Travis Hamonic is hit by Elias Pettersson and loses puck.
17:47 of 1st period - Shot by William Karlsson.
17:47 of 1st period - Shot Blocked by Adam Erne.
18:00 of 1st period - Icing by Blake Coleman.
18:01 of 1st period - Leo Komarov wins face-off versus Yanni Gourde in RENO LIONS zone.
18:46 of 1st period - Icing by Ethan Bear.
18:47 of 1st period - Leo Komarov wins face-off versus Pavel Zacha in RENO LIONS zone.
19:10 of 1st period - Brian Dumoulin is hit by William Karlsson and loses puck.
19:46 of 1st period - Icing by Brian Dumoulin.
19:47 of 1st period - Robert Thomas wins face-off versus Elias Pettersson in PORTLAND PIRATES zone.
19:47 of 1st period - Robert Thomas is hit by Elias Pettersson.
19:57 of 1st period - Shot by Evgeny Dadonov.
19:57 of 1st period - Shot Misses the Net.
19:59 of 1st period - Shot by Elias Pettersson.
19:59 of 1st period - Stopped by Chris Driedger without a rebound.
Goals for this period are 1 for PORTLAND PIRATES vs 0 for RENO LIONS.
Shots for this period are 9 for PORTLAND PIRATES vs 10 for RENO LIONS.

2nd period


0:01 of 2nd period - Elias Pettersson wins face-off versus Jonathan Toews in neutral zone.
0:53 of 2nd period - Gabriel Landeskog is hit by Elias Pettersson.
0:57 of 2nd period - Jonathan Toews is hit by Pierre-Luc Dubois.
1:20 of 2nd period - Off-side.
1:21 of 2nd period - Tomas Nosek wins face-off versus Pavel Zacha in neutral zone.
1:56 of 2nd period - Shot by Robert Thomas.
1:56 of 2nd period - Stopped by Jaroslav Halak without a rebound.
1:57 of 2nd period - Yanni Gourde wins face-off versus William Karlsson in RENO LIONS zone.
2:12 of 2nd period - Shot by William Karlsson.
2:12 of 2nd period - Stopped by Chris Driedger without a rebound.
2:13 of 2nd period - Elias Pettersson wins face-off versus Jason Dickinson in PORTLAND PIRATES zone.
2:41 of 2nd period - Shot by Pierre-Luc Dubois.
2:41 of 2nd period - Shot Blocked by Thomas Chabot.
2:45 of 2nd period - Shot by Elias Pettersson.
2:45 of 2nd period - Goal by Elias Pettersson - PORTLAND PIRATES : 1 - RENO LIONS : 1.
2:46 of 2nd period - Jonathan Toews wins face-off versus William Karlsson in neutral zone.
2:55 of 2nd period - Shot by Gabriel Landeskog.
2:55 of 2nd period - Shot Misses the Net.
3:27 of 2nd period - Shot by Anders Lee.
3:27 of 2nd period - Stopped by Chris Driedger with a rebound.
3:46 of 2nd period - Icing by Oliver Ekman-Larsson.
3:47 of 2nd period - Yanni Gourde wins face-off versus William Karlsson in RENO LIONS zone.
3:50 of 2nd period - Shot by Chandler Stephenson.
3:50 of 2nd period - Shot Misses the Net.
4:12 of 2nd period - Shot by Rasmus Ristolainen.
4:12 of 2nd period - Stopped by Jaroslav Halak without a rebound.
4:13 of 2nd period - Pavel Zacha wins face-off versus Evgeny Dadonov in RENO LIONS zone.
4:48 of 2nd period - Shot by Elias Pettersson.
4:48 of 2nd period - Shot Misses the Net.
5:14 of 2nd period - Shot by Chandler Stephenson.
5:14 of 2nd period - Shot Misses the Net.
5:16 of 2nd period - Shot by Alec Martinez.
5:16 of 2nd period - Stopped by Jaroslav Halak without a rebound.
5:17 of 2nd period - Jonathan Toews wins face-off versus Leo Komarov in RENO LIONS zone.
5:24 of 2nd period - Shot by Gabriel Landeskog.
5:24 of 2nd period - Shot Blocked by Jordie Benn.
5:35 of 2nd period - Minor Penalty to Brett Pesce for Tripping.
5:36 of 2nd period - Jason Dickinson wins face-off versus William Karlsson in PORTLAND PIRATES zone.
5:42 of 2nd period - Icing by Ryan Pulock.
5:43 of 2nd period - Jason Dickinson wins face-off versus William Karlsson in RENO LIONS zone.
6:56 of 2nd period - Icing by Oliver Ekman-Larsson.
6:57 of 2nd period - Chandler Stephenson wins face-off versus Elias Pettersson in RENO LIONS zone.
7:08 of 2nd period - Shot by Evgeny Dadonov.
7:08 of 2nd period - Shot Blocked by Travis Hamonic.
7:30 of 2nd period - Shot by Elias Pettersson.
7:30 of 2nd period - Stopped by Chris Driedger without a rebound.
7:31 of 2nd period - Jason Dickinson wins face-off versus Cam Atkinson in PORTLAND PIRATES zone.
7:39 of 2nd period - Blake Coleman is hit by Gabriel Landeskog and loses puck.
7:46 of 2nd period - Minor Penalty to Jonathan Toews for Hooking.
7:47 of 2nd period - William Karlsson wins face-off versus Rickard Rakell in PORTLAND PIRATES zone.
8:24 of 2nd period - Shot by Anders Lee.
8:24 of 2nd period - Deflect By William Karlsson.
8:24 of 2nd period - Stopped by Chris Driedger without a rebound.
8:25 of 2nd period - Jason Dickinson wins face-off versus Elias Pettersson in PORTLAND PIRATES zone.
8:25 of 2nd period - Jason Dickinson is hit by Elias Pettersson.
8:32 of 2nd period - Icing by Jacob Trouba.
8:33 of 2nd period - Jason Dickinson wins face-off versus Elias Pettersson in RENO LIONS zone.
8:55 of 2nd period - Shot by Elias Pettersson.
8:55 of 2nd period - Stopped by Chris Driedger with a rebound.
8:57 of 2nd period - Shot by Elias Pettersson.
8:57 of 2nd period - Shot Misses the Net.
8:59 of 2nd period - Shot by Pierre-Luc Dubois.
8:59 of 2nd period - Stopped by Chris Driedger with a rebound.
9:01 of 2nd period - Shot by Elias Pettersson.
9:01 of 2nd period - Stopped by Chris Driedger without a rebound.
9:02 of 2nd period - William Karlsson wins face-off versus Chandler Stephenson in PORTLAND PIRATES zone.
9:05 of 2nd period - Shot by Cam Atkinson.
9:05 of 2nd period - Stopped by Chris Driedger without a rebound.
9:06 of 2nd period - William Karlsson wins face-off versus Jason Dickinson in PORTLAND PIRATES zone.
9:07 of 2nd period - Shot by Anders Lee.
9:07 of 2nd period - Shot Misses the Net.
9:09 of 2nd period - Shot by Anders Lee.
9:09 of 2nd period - Shot Misses the Net.
9:11 of 2nd period - Shot by Cam Atkinson.
9:11 of 2nd period - Stopped by Chris Driedger without a rebound.
9:12 of 2nd period - Jason Dickinson wins face-off versus Elias Pettersson in PORTLAND PIRATES zone.
9:12 of 2nd period - Jason Dickinson is hit by Elias Pettersson.
9:42 of 2nd period - Shot by Pierre-Luc Dubois.
9:42 of 2nd period - Stopped by Chris Driedger without a rebound.
9:43 of 2nd period - Chandler Stephenson wins face-off versus William Karlsson in PORTLAND PIRATES zone.
10:24 of 2nd period - Shot by Leo Komarov.
10:24 of 2nd period - Deflect By Blake Coleman.
10:24 of 2nd period - Stopped by Chris Driedger with a rebound.
10:26 of 2nd period - Shot by Ethan Bear.
10:26 of 2nd period - Shot Hit the Post.
10:37 of 2nd period - Chandler Stephenson is hit by Pierre-Luc Dubois and loses puck.
10:45 of 2nd period - Chandler Stephenson is hit by Pierre-Luc Dubois and loses puck.
12:31 of 2nd period - Shot by Jayce Hawryluk.
12:31 of 2nd period - Shot Misses the Net.
12:33 of 2nd period - Shot by Jayce Hawryluk.
12:33 of 2nd period - Stopped by Chris Driedger without a rebound.
12:34 of 2nd period - Leo Komarov wins face-off versus Jonathan Toews in PORTLAND PIRATES zone.
13:14 of 2nd period - Shot by Jonathan Toews.
13:14 of 2nd period - Stopped by Jaroslav Halak without a rebound.
13:15 of 2nd period - Pavel Zacha wins face-off versus Elias Pettersson in RENO LIONS zone.
13:34 of 2nd period - Shot by Elias Pettersson.
13:34 of 2nd period - Shot Misses the Net.
13:52 of 2nd period - Shot by Robert Thomas.
13:52 of 2nd period - Stopped by Jaroslav Halak without a rebound.
13:53 of 2nd period - Jonathan Toews wins face-off versus William Karlsson in RENO LIONS zone.
14:05 of 2nd period - Off-side.
14:06 of 2nd period - Jason Dickinson wins face-off versus Leo Komarov in neutral zone.
14:11 of 2nd period - Shot by Ryan Donato.
14:11 of 2nd period - Stopped by Jaroslav Halak without a rebound.
14:12 of 2nd period - William Karlsson wins face-off versus Jonathan Toews in RENO LIONS zone.
15:32 of 2nd period - Shot by Elias Pettersson.
15:32 of 2nd period - Shot Blocked by Alec Martinez.
15:55 of 2nd period - Icing by Rickard Rakell.
15:56 of 2nd period - Pavel Zacha wins face-off versus Blake Coleman in PORTLAND PIRATES zone.
16:01 of 2nd period - Shot by Blake Coleman.
16:01 of 2nd period - Goal by Blake Coleman - PORTLAND PIRATES : 1 - RENO LIONS : 2.
16:02 of 2nd period - Leo Komarov wins face-off versus Jason Dickinson in neutral zone.
16:12 of 2nd period - Minor Penalty to Ethan Bear for Holding.
16:13 of 2nd period - Jonathan Toews wins face-off versus Blake Coleman in RENO LIONS zone.
18:31 of 2nd period - Jason Dickinson is hit by Jayce Hawryluk and loses puck.
19:22 of 2nd period - Shot by Pierre-Luc Dubois.
19:22 of 2nd period - Shot Misses the Net.
Goals for this period are 0 for PORTLAND PIRATES vs 2 for RENO LIONS.
Shots for this period are 6 for PORTLAND PIRATES vs 14 for RENO LIONS.

3rd period


0:01 of 3rd period - William Karlsson wins face-off versus Pavel Zacha in neutral zone.
0:26 of 3rd period - Shot by William Karlsson.
0:26 of 3rd period - Stopped by Chris Driedger with a rebound.
0:28 of 3rd period - Shot by Anders Lee.
0:28 of 3rd period - Stopped by Chris Driedger without a rebound.
0:28 of 3rd period - Minor Penalty to Chris Driedger for Slashing.
0:29 of 3rd period - Elias Pettersson wins face-off versus Jason Dickinson in PORTLAND PIRATES zone.
0:46 of 3rd period - Alec Martinez is hit by Pierre-Luc Dubois.
0:52 of 3rd period - Shot by Elias Pettersson.
0:52 of 3rd period - Stopped by Chris Driedger without a rebound.
0:53 of 3rd period - Cam Atkinson wins face-off versus Jason Dickinson in PORTLAND PIRATES zone.
0:58 of 3rd period - Shot by William Karlsson.
0:58 of 3rd period - Stopped by Chris Driedger without a rebound.
0:59 of 3rd period - Elias Pettersson wins face-off versus Jason Dickinson in PORTLAND PIRATES zone.
1:04 of 3rd period - Shot by Pierre-Luc Dubois.
1:04 of 3rd period - Stopped by Chris Driedger without a rebound.
1:05 of 3rd period - Elias Pettersson wins face-off versus Jason Dickinson in PORTLAND PIRATES zone.
1:32 of 3rd period - Shot by Evgeny Dadonov.
1:32 of 3rd period - Stopped by Chris Driedger with a rebound.
1:34 of 3rd period - Shot by Ryan Pulock.
1:34 of 3rd period - Shot Blocked by Thomas Chabot.
1:36 of 3rd period - Shot by Elias Pettersson.
1:36 of 3rd period - Stopped by Chris Driedger without a rebound.
1:37 of 3rd period - Jason Dickinson wins face-off versus William Karlsson in PORTLAND PIRATES zone.
1:47 of 3rd period - Icing by Jacob Trouba.
1:48 of 3rd period - Jason Dickinson wins face-off versus William Karlsson in RENO LIONS zone.
2:13 of 3rd period - Shot by William Karlsson.
2:13 of 3rd period - Deflect By Anders Lee.
2:13 of 3rd period - Shot Misses the Net.
2:15 of 3rd period - Shot by Jacob Trouba.
2:15 of 3rd period - Shot Hit the Post.
2:17 of 3rd period - Shot by Jacob Trouba.
2:17 of 3rd period - Shot Misses the Net.
2:19 of 3rd period - Shot by Cam Atkinson.
2:19 of 3rd period - Deflect By Anders Lee.
2:19 of 3rd period - Shot Hit the Post.
2:47 of 3rd period - Minor Penalty to Travis Hamonic for Tripping.
2:48 of 3rd period - Elias Pettersson wins face-off versus Chandler Stephenson in PORTLAND PIRATES zone.
2:55 of 3rd period - Shot by Pierre-Luc Dubois.
2:55 of 3rd period - Shot Blocked by Adam Erne.
2:57 of 3rd period - Shot by Oscar Klefbom.
2:57 of 3rd period - Stopped by Chris Driedger without a rebound.
2:58 of 3rd period - Jason Dickinson wins face-off versus William Karlsson in PORTLAND PIRATES zone.
4:46 of 3rd period - Icing by Jacob Trouba.
4:47 of 3rd period - Jonathan Toews wins face-off versus Leo Komarov in RENO LIONS zone.
5:06 of 3rd period - Shot by Blake Coleman.
5:06 of 3rd period - Stopped by Chris Driedger without a rebound.
5:07 of 3rd period - William Karlsson wins face-off versus Yanni Gourde in PORTLAND PIRATES zone.
5:10 of 3rd period - Shot by Anders Lee.
5:10 of 3rd period - Shot Blocked by Rasmus Ristolainen.
5:59 of 3rd period - Shot by Rickard Rakell.
5:59 of 3rd period - Stopped by Jaroslav Halak without a rebound.
6:00 of 3rd period - Elias Pettersson wins face-off versus Pavel Zacha in RENO LIONS zone.
6:00 of 3rd period - Elias Pettersson is hit by Pavel Zacha.
6:07 of 3rd period - Oscar Klefbom is hit by Travis Hamonic and loses puck.
6:18 of 3rd period - Shot by Pavel Zacha.
6:18 of 3rd period - Stopped by Jaroslav Halak with a rebound.
6:26 of 3rd period - Shot by Robert Thomas.
6:26 of 3rd period - Shot Blocked by Oscar Klefbom.
6:28 of 3rd period - Shot by Rickard Rakell.
6:28 of 3rd period - Stopped by Jaroslav Halak without a rebound.
6:29 of 3rd period - Jonathan Toews wins face-off versus Leo Komarov in RENO LIONS zone.
7:41 of 3rd period - Oscar Klefbom is hit by Rickard Rakell and loses puck.
8:08 of 3rd period - Shot by Pierre-Luc Dubois.
8:08 of 3rd period - Shot Misses the Net.
8:27 of 3rd period - Icing by Travis Hamonic.
8:28 of 3rd period - William Karlsson wins face-off versus Yanni Gourde in PORTLAND PIRATES zone.
8:29 of 3rd period - Shot by Anders Lee.
8:29 of 3rd period - Shot Misses the Net.
9:09 of 3rd period - Shot by Anders Lee.
9:09 of 3rd period - Stopped by Chris Driedger with a rebound.
9:11 of 3rd period - Shot by Ryan Pulock.
9:11 of 3rd period - Shot Misses the Net.
9:26 of 3rd period - Icing by Ryan Pulock.
9:27 of 3rd period - Jonathan Toews wins face-off versus William Karlsson in RENO LIONS zone.
9:42 of 3rd period - Shot by Gabriel Landeskog.
9:42 of 3rd period - Shot Blocked by Ryan Pulock.
9:45 of 3rd period - Icing by Oliver Ekman-Larsson.
9:46 of 3rd period - Pavel Zacha wins face-off versus William Karlsson in RENO LIONS zone.
9:51 of 3rd period - Icing by Oliver Ekman-Larsson.
9:52 of 3rd period - Robert Thomas wins face-off versus William Karlsson in RENO LIONS zone.
10:33 of 3rd period - Shot by Pierre-Luc Dubois.
10:33 of 3rd period - Deflect By Elias Pettersson.
10:33 of 3rd period - Stopped by Chris Driedger without a rebound.
10:34 of 3rd period - Jonathan Toews wins face-off versus Blake Coleman in PORTLAND PIRATES zone.
11:05 of 3rd period - Icing by Travis Hamonic.
11:06 of 3rd period - Jonathan Toews wins face-off versus Elias Pettersson in PORTLAND PIRATES zone.
11:11 of 3rd period - Shot by Elias Pettersson.
11:11 of 3rd period - Shot Misses the Net.
11:13 of 3rd period - Shot by Elias Pettersson.
11:13 of 3rd period - Stopped by Chris Driedger without a rebound.
11:14 of 3rd period - Pavel Zacha wins face-off versus Elias Pettersson in PORTLAND PIRATES zone.
11:25 of 3rd period - Shot by Pavel Zacha.
11:25 of 3rd period - Stopped by Jaroslav Halak without a rebound.
11:26 of 3rd period - William Karlsson wins face-off versus Yanni Gourde in RENO LIONS zone.
11:26 of 3rd period - William Karlsson is hit by Yanni Gourde.
11:44 of 3rd period - Shot by Yanni Gourde.
11:44 of 3rd period - Stopped by Jaroslav Halak with a rebound.
11:46 of 3rd period - Shot by Brett Connolly.
11:46 of 3rd period - Shot Misses the Net.
12:16 of 3rd period - Icing by Ryan Pulock.
12:17 of 3rd period - William Karlsson wins face-off versus Pavel Zacha in RENO LIONS zone.
13:23 of 3rd period - Rickard Rakell is hit by Elias Pettersson and loses puck.
13:56 of 3rd period - Shot by Vincent Hinostroza.
13:56 of 3rd period - Shot Blocked by Travis Hamonic.
13:58 of 3rd period - Shot by Ethan Bear.
13:58 of 3rd period - Shot Blocked by Alec Martinez.
14:00 of 3rd period - Shot by Blake Coleman.
14:00 of 3rd period - Shot Misses the Net.
14:34 of 3rd period - Brett Pesce is hit by Blake Coleman and loses puck.
14:50 of 3rd period - Icing by Cam Atkinson.
14:51 of 3rd period - Yanni Gourde wins face-off versus William Karlsson in RENO LIONS zone.
15:01 of 3rd period - Shot by Ryan Pulock.
15:01 of 3rd period - Stopped by Chris Driedger with a rebound.
15:29 of 3rd period - Shot by Anders Lee.
15:29 of 3rd period - Shot Misses the Net.
15:31 of 3rd period - Shot by Anders Lee.
15:31 of 3rd period - Shot Misses the Net.
15:39 of 3rd period - Shot by Anders Lee.
15:39 of 3rd period - Stopped by Chris Driedger without a rebound.
15:40 of 3rd period - Travis Konecny wins face-off versus Elias Pettersson in PORTLAND PIRATES zone.
15:57 of 3rd period - Shot by Evgeny Dadonov.
15:57 of 3rd period - Deflect By Elias Pettersson.
15:57 of 3rd period - Stopped by Chris Driedger with a rebound.
15:59 of 3rd period - Shot by Elias Pettersson.
15:59 of 3rd period - Goal by Elias Pettersson - PORTLAND PIRATES : 1 - RENO LIONS : 3.
16:00 of 3rd period - Jason Dickinson wins face-off versus Tomas Nosek in neutral zone.
16:58 of 3rd period - Off-side.
16:59 of 3rd period - Jonathan Toews wins face-off versus William Karlsson in neutral zone.
17:17 of 3rd period - Jonathan Toews is hit by Oliver Ekman-Larsson and loses puck.
17:25 of 3rd period - Jonathan Toews is hit by Oliver Ekman-Larsson.
17:28 of 3rd period - Gabriel Landeskog is hit by Oliver Ekman-Larsson and loses puck.
17:59 of 3rd period - William Karlsson is hit by Yanni Gourde and loses puck.
18:15 of 3rd period - Icing by Travis Hamonic.
18:16 of 3rd period - Yanni Gourde wins face-off versus Elias Pettersson in PORTLAND PIRATES zone.
19:58 of 3rd period - Shot by Blake Coleman.
19:58 of 3rd period - Shot Blocked by Rasmus Ristolainen.
Goals for this period are 0 for PORTLAND PIRATES vs 1 for RENO LIONS.
Shots for this period are 5 for PORTLAND PIRATES vs 16 for RENO LIONS.


RYAN
NUGENT-HOPKINS
THATCHER
DEMKO
MITCHELL
MARNER

EAST COAST

HOCKEY LEAGUE

  • 13.MAN3PIT5
  • 14.NHW2ATL3
  • 15.PET5WOR4
  • 16.RHI30
  • 17.QUECHI
  • 18.CHALIM
  • 19.TRVLON
  • 20.CHWBAL